 Dungeon Crawl Stone Soup version 0.27-a0-1140-g099f9bb0e8 (webtiles) character file.

Game seed: 9249445050946173085

51 DasRunzen the Ducker (level 3, 0/28 HPs)
             Began as a Demonspawn Gladiator on May 10, 2021.
             Was a Follower of Kikubaaqudgha.
             Succumbed to a water moccasin's poison
             ... on level 2 of the Dungeon.
             The game lasted 00:04:02 (1745 turns).

DasRunzen the Ducker (Demonspawn Gladiator)         Turns: 1745, Time: 00:04:02

Health: 0/28       AC:  4    Str: 14    XL:     3   Next: 58%
Magic:  3/3        EV: 14    Int: 10    God:    Kikubaaqudgha [*.....]
Gold:   81         SH:  0    Dex: 14    Spells: 1/2 levels left

rFire    . . .     SeeInvis .   a - +0 long sword
rCold    . . .     Faith    .   (no shield)
rNeg     . . .     Spirit   .   b - +0 leather armour
rPois    .         Reflect  .   c - +0 helmet
rElec    .         Harm     .   (no cloak)
rCorr    .         Rampage  .   (no gloves)
Will     .....                  (no boots)
Stlth    +.........             (no amulet)
HPRegen  0.09/turn              (no ring)
MPRegen  0.08/turn              (no ring)

@: lethally poisoned (0 -> -10)
A: talons 1, repulsion field 1, screaming 1, MP-powered wands
a: Renounce Religion, Receive Corpses


You were on level 2 of the Dungeon.
You worshipped Kikubaaqudgha.
Kikubaaqudgha was aware of your devotion.
You visited 1 branch of the dungeon, and saw 2 of its levels.

You collected 81 gold pieces.

Inventory:

Hand Weapons
 a - a +0 long sword (weapon)
Missiles
 d - 3 throwing nets (quivered)
Armour
 b - a +0 leather armour (worn)
 c - a +0 helmet (worn)
Scrolls
 e - a scroll of amnesia {unknown}
Potions
 f - 2 potions of curing {unknown}


   Skills:
 + Level 2.5 Fighting
 + Level 3.1 Long Blades
 - Level 1.7 Throwing
 + Level 1.1 Armour
 + Level 3.1 Dodging
 + Level 0.2 Spellcasting
 + Level 0.2 Necromancy


You had one spell level left.
You knew the following spells:

 Your Spells              Type           Power      Damage    Failure   Level
a - Pain                  Necr           0%         1d4       38%         1

Your spell library contained the following spells:

 Spells                   Type           Power      Damage    Failure   Level
 Sublimation of Blood     Necr           0%         N/A       52%         2
 Corpse Rot               Necr/Air       N/A        N/A       54%         2
 Vampiric Draining        Necr           0%         2d6       77%         3


Dungeon Overview and Level Annotations

Branches:
Dungeon (2/15)

Altars:
Kikubaaqudgha

Shops:
D:2 *


Innate Abilities, Weirdness & Mutations

You have sharp toenails.
You are surrounded by a mild repulsion field. (EV +2)
You occasionally shout uncontrollably at your foes.
You expend magic power (3 MP) to strengthen your wands.


Message History

The quokka misses you.
You riposte.
You closely miss the quokka. Your kick misses the quokka.
The quokka is moderately wounded.
You hit the quokka.
You kill the quokka!
Kikubaaqudgha accepts your kill. The water moccasin closely misses you.
You hit the water moccasin. Your kick misses the water moccasin.
The water moccasin is lightly wounded.
The water moccasin completely misses you.
You riposte.
You completely miss the water moccasin.
You claw the water moccasin, but do no damage.
The water moccasin is lightly wounded.
You miss the water moccasin. Your kick misses the water moccasin.
The water moccasin is lightly wounded.
The water moccasin bites you. The water moccasin closely misses you.
You riposte.
You barely miss the water moccasin. Your kick misses the water moccasin.
The water moccasin is lightly wounded.
You slash the water moccasin! You claw the water moccasin.
The water moccasin is heavily wounded.
The water moccasin bites you but does no damage.
The water moccasin bites you.
You are lethally poisoned!
The water moccasin poisons you!
You are too injured to fight recklessly!
You are too injured to fight recklessly!
You hit the water moccasin.
You claw the water moccasin, but do no damage.
The water moccasin is heavily wounded.
You feel very sick. The water moccasin misses you.
You riposte.
You closely miss the water moccasin.
The water moccasin is heavily wounded.
The water moccasin bites you!
* * * LOW HITPOINT WARNING * * *
You hit the water moccasin.
The water moccasin is severely wounded.
You die...
Kikubaaqudgha rasps: "You have failed me!
Welcome... death!"

#..... ########
#......# #.......
#......# #.....
#......# ##..#
#......# #...#
#......# #.#@#
#......# #.#S#
####......####.#..
.........)'....####.#
####......#.#.......#
#......#.####.####
#......#.# ...
#......#'### ###
#######........


You could see a water moccasin.

Vanquished Creatures
  A ball python (D:2)
  A bat (D:2)
  7 endoplasms (D:1)
  3 goblins
  4 hobgoblins
  9 jackals (D:1)
  8 kobolds
  4 quokkas
  4 frilled lizards
  2 rats (D:2)
43 creatures vanquished.

Notes
Turn   | Place    | Note
-------+----------+-------------------------------------------
     0 | D:1      | DasRunzen the Demonspawn Gladiator began the quest for the
                  | Orb.
     0 | D:1      | Reached XP level 1. HP: 16/16 MP: 1/1
    86 | D:1      | Found a faded altar of an unknown god.
   384 | D:1      | Gained mutation: You have sharp toenails. [demonic
                  | ancestry]
   384 | D:1      | Reached XP level 2. HP: 22/22 MP: 2/2
   952 | D:1      | Reached skill level 1 in Armour
   973 | D:1      | Gained mutation: You are surrounded by a mild repulsion
                  | field. (EV +2) [demonic ancestry]
   973 | D:1      | Reached XP level 3. HP: 27/28 MP: 3/3
  1013 | D:1      | Became a worshipper of Kikubaaqudgha
  1013 | D:1      | Reached * piety under Kikubaaqudgha
  1013 | D:1      | Identified Kikubaaqudgha's Reference Book on Darkness
                  | (Kikubaaqudgha gifted it to you on level 1 of the Dungeon)
  1013 | D:1      | Received a gift from Kikubaaqudgha
  1019 | D:1      | Learned a level 1 spell: Pain
  1244 | D:1      | Gained mutation: You occasionally shout uncontrollably at
                  | your foes. [potion of mutation]
  1244 | D:1      | Gained mutation: You expend magic power (3 MP) to
                  | strengthen your wands. [potion of mutation]
  1308 | D:2      | Found Ytopsail's General Store.
  1738 | D:2      | Noticed a water moccasin
  1745 | D:2      | Succumbed to a water moccasin's poison

Illustrated notes

Levels and vault maps discovered:
D:1:      co_arrival_square_in_a_square_in_a_square, layout_loops_ring,
          ebering_ecumenical_altar_mist
D:2:      layout_basic, serial_shops, shop, minmay_heptomino_l4

Skill      XL: |  1  2 |
---------------+-------+-----
Dodging        | 3 |  3.1
Armour         | 1 |  1.1
Long Blades    | 3 |  3.1
Fighting       | |  2.5
Throwing       | |  1.7
Spellcasting   | |  0.2
Necromancy     | |  0.2

Action                   || total
-------------------------++-------
Melee: Long sword        ||   109
       Kick              ||    36
  Use: Scroll            ||     2
       Potion            ||     1
Armor: Leather armour    ||    17
Dodge: Dodged            ||    79
       Rpst.: Long sword ||    31

Table legend: (Time is in decaauts)
 A = Elapsed time spent in this place.
 B = Non-inter-level travel time spent in this place.
 C = Inter-level travel time spent in this place.
 D = Time resting spent in this place.
 E = Time spent auto-exploring this place.
 F = Levels seen in this place.
 G = Mean time per level.
                   A        B        C        D        E       F      G
               +--------+--------+--------+--------+--------+-----+--------+
         Total |   1771 |   1743 |     28 |    479 |    960 |   2 |  885.5 |
       Dungeon |   1771 |   1743 |     28 |    479 |    960 |   2 |  885.5 |
               +--------+--------+--------+--------+--------+-----+--------+

Top non-repeatable levels by time:
     D:1: 1321 daAuts
     D:2: 450 daAuts
